 Dungeon Sprint DCSS version 0.28.0-43-g3370ac3207 (webtiles) character file.

Game seed: 13433599642559717961

494 boopmooplesden the Cleaver (level 6, -6/102 HPs)
             Began as a Minotaur Berserker on Mar 14, 2022.
             Was a Believer of Trog.
             Mangled by a centaur warrior (8 damage)
             ... in the Dungeon (Sprint I: "Red Sonja").
             The game lasted 00:01:40 (486 turns).

boopmooplesden the Cleaver (Minotaur Berserker)      Turns: 486, Time: 00:01:40

Health: -6/102     AC:  3    Str: 21    XL:     6   Next: 92%
Magic:  5/5        EV: 13    Int:  4    God:    Trog [**....]
Gold:   162        SH:  0    Dex: 12    Spells: 5/5 levels left

rFire   . . .      SeeInvis .   l - +1 scythe (venom)
rCold   . . .      Faith    .   (shield currently unavailable)
rNeg    . . .      Spirit   .   k - +0 leather armour
rPois   .          Reflect  .   (helmet restricted)
rElec   .          Harm     .   (no cloak)
rCorr   .          Rampage  .   (no gloves)
Will    .....      NoTele   +   (no boots)
Stlth   ..........              (no amulet)
HPRegen 0.27/turn               (no ring)
MPRegen 0.09/turn               (no ring)

@: berserking, slow
A: horns 2, retaliatory headbutt
a: Renounce Religion, Berserk, Trog's Hand


You were in the Dungeon.
You worshipped Trog.
Trog was pleased with you.
You visited 1 branch You collected 162 gold pieces.

Inventory:

Hand Weapons
 a - a +0 hand axe
 j - a +2 spectral club
 l - a +1 scythe of venom (weapon)
Armour
 b - a +0 animal skin
 k - a +0 leather armour (worn)
Wands
 i - a wand of mindburst (7)
Scrolls
 h - a scroll of blinking
Potions
 c - a potion of curing
 d - a potion of heal wounds
 e - a potion of haste
 f - 2 potions of magic
 g - a potion of berserk rage
 m - a potion of might {unknown}


   Skills:
 + Level 11.2 Fighting
 + Level 11.4(11.7) Axes
 + Level 3.0(7.9) Maces & Flails
 + Level 2.6(7.7) Polearms
 + Level 6.1 Armour
 + Level 5.6 Dodging


You had 5 spell levels left.
You didn't know any spells.
Your spell library was empty.

Dungeon Overview and Level Annotations

Branches:
Dungeon (1/1)

Altars:
Makhleb
Sif Muna
Vehumet
Wu Jian
Xom
Jiyva
Lugonu


Innate Abilities, Weirdness & Mutations

You have a pair of horns on your head.
You reflexively headbutt those who attack you in melee.


Message History

There is an open door here.
You enter the shallow water.
Moving in this stuff is going to be slow.
The centaur warrior shouts!
You hear a shout!
The centaur warrior wields a +0 shortbow.
The centaur warrior shoots an arrow.
The arrow hits you!
The centaur warrior wields a +0 shortbow.
The centaur warrior shoots an arrow.
The arrow closely misses you.
A red film seems to cover your vision as you go berserk!
You feel yourself moving faster!
You feel mighty!
The centaur warrior shoots an arrow.
The arrow closely misses you.
The centaur warrior shoots an arrow.
The arrow hits you!
You feel a strong urge to attack something.
The centaur warrior unwields a +0 shortbow.
The centaur warrior hits you! The centaur warrior kicks you.
Your unstable footing causes you to fumble your attack.
The centaur warrior unwields a +0 shortbow.
The centaur warrior hits you! The centaur warrior kicks you.
The centaur warrior barely misses you.
The centaur warrior kicks you but does no damage.
The centaur warrior hits you!
* * * LOW HITPOINT WARNING * * *
The centaur warrior kicks you.
* * * LOW HITPOINT WARNING * * *
The centaur warrior hits you but does no damage.
The centaur warrior kicks you.
* * * LOW HITPOINT WARNING * * *
You slash the centaur warrior!
The centaur warrior is poisoned.
Your headbutt misses the centaur warrior.
The centaur warrior is lightly wounded.
The centaur warrior hits you.
* * * LOW HITPOINT WARNING * * *
The centaur warrior barely misses you. The centaur warrior hits you!
* * * LOW HITPOINT WARNING * * *
The centaur warrior closely misses you.
You slice the centaur warrior!!
The centaur warrior looks as sick as possible!
The centaur warrior is severely wounded.
The centaur warrior hits you!
You die...

##################
<.#..').#.['..#__#
..†..#..'..#..'..+
..#####'#####'#__####
..# #..# #(####§§#
..# #### ##.#§§§§§#
..# #+#_.'§@c§.+ ⌠⌠#
+...§#§§c§§# ###
#_.#+##+#### ##+


You could see 2 centaur warriors.

Vanquished Creatures
  A slime creature (D)
  Sigmund (D)
  An ogre (D)
  A jelly (D)
  Ijyb (D)
5 creatures vanquished.

Notes
Turn   | Place    | Note
-------+----------+-------------------------------------------
     0 | D        | boopmooplesden the Minotaur Berserker began the quest for
                  | the Orb.
     0 | D        | Reached XP level 1. HP: 19/19 MP: 0/0
     1 | D        | Noticed Ijyb
     7 | D        | Killed Ijyb
     8 | D        | Reached skill level 5 in Fighting
     8 | D        | Reached skill level 5 in Axes
     8 | D        | Reached XP level 2. HP: 30/30 MP: 1/1
    58 | D        | Noticed an ogre
    61 | D        | Killed an ogre
    62 | D        | Reached XP level 3. HP: 40/40 MP: 2/2
    62 | D        | Reached XP level 4. HP: 48/48 MP: 3/3
    98 | D        | Noticed Sigmund
   103 | D        | Killed Sigmund
   103 | D        | Reached ** piety under Trog
   104 | D        | Reached skill level 10 in Axes
   104 | D        | Reached skill level 5 in Armour
   104 | D        | Reached XP level 5. HP: 58/58 MP: 4/4
   104 | D        | Reached XP level 6. HP: 66/66 MP: 5/5
   236 | D        | Found a burning altar of Makhleb.
   236 | D        | Found a shimmering altar of Xom.
   236 | D        | Noticed a slime creature
   237 | D        | Found a viscous altar of Jiyva.
   237 | D        | Found a corrupted altar of Lugonu.
   244 | D        | Killed a slime creature
   245 | D        | Reached skill level 5 in Dodging
   449 | D        | Found an ornate altar of the Wu Jian Council.
   449 | D        | Found a shimmering blue altar of Sif Muna.
   451 | D        | Found a radiant altar of Vehumet.
   472 | D        | Noticed a centaur warrior
   480 | D        | Noticed a centaur warrior
   485 | D        | HP: 2/102 [centaur warrior (13)]
   486 | D        | Mangled by a centaur warrior

Illustrated notes

Levels and vault maps discovered:
D:        dungeon_sprint_1 [red_sonja_temple_1, red_sonja_temple_small_1]

Skill      XL: |  1  2  3  4  5  6 |
---------------+-------------------+-----
Fighting       | 5 7 9 11 | 11.2
Axes           | 5 7 10 11 | 11.4
Armour         | 3 4 5 6 |  6.1
Dodging        | 3 4 5 |  5.6
Maces & Flails | 2 3 |  3.0
Polearms       | 2 |  2.6

Action                   |  1- 3 |  4- 6 || total
-------------------------+-------+-------++-------
Melee: Hand axe          |     5 |       ||     5
       Headbutt          |     2 |     1 ||     3
       Club              |     2 |     2 ||     4
       Scythe            |       |    12 ||    12
Invok: Berserk           |     2 |     3 ||     5
Armor: Leather armour    |       |     5 ||     5
Dodge: Dodged            |     2 |    10 ||    12
